[Event "Titled Tuesday Blitz August 15 Late 2023"]
[White "Seletsky, Grigory"]
[Black "Ibarra Jerez, Jose Carlos"]
[WhiteFideId "14112191"]
[BlackFideId "2226332"]
[WhiteElo "2492"]
[BlackElo "2879"]
[Result "0-1"]
[Round "3"]
[TimeControl "180+1"]
[Date "2023.08.15"]
[WhiteClock "0:00:00"]
[BlackClock "0:00:09"]
[Board "58"]

1. e4 c5 2. Nf3 e6 3. c4 Nc6 4. Nc3 g5 5. h3 Bg7 6. d3 h6 7. Be3 Nd4 8. h4 g4 9. Nh2 h5 10. g3 Ne7 11. Bg2 Nec6 12. f4 gxf3 13. Nxf3 d6 14. O-O Bd7 15. Ng5 Ne5 16. Bf4 f6 17. Nf3 Qb6 18. Rf2 Ng4 19. Rd2 f5 20. exf5 Nxf5 21. Ne4 O-O-O 22. Rb1 Bc6 23. Qe1 Rhe8 24. Bg5 Rd7 25. Nf2 Nxf2 26. Qxf2 Rf7 27. Qe1 Kb8 28. Bf4 e5 29. Bg5 e4 30. dxe4 Bxe4 31. Re2 Qc6 32. Ne5 Rxe5 33. Rxe4 Rxe4 34. Bxe4 Qd7 35. Bd5 Rf8 36. Kg2 Be5 37. Bf4 Nxh4+ 38. gxh4 Rxf4 39. Bf3 Qg7+ 40. Kf2 Bd4+ 41. Ke2 Qe5+ 42. Kd2 Rxf3 43. Qxe5 Bxe5 44. Rg1 Rf4 45. Kd3 Rxh4 46. Rg8+ Kc7 47. b3 Rh3+ 48. Ke4 Rg3 49. Kd5 Rxg8 0-1


[Site "https://www.chess.com"]

[Event "Titled Tuesday Blitz August 15 Late 2023"]
[White "Zierk, Steven"]
[Black "Tomb, Maroun"]
[WhiteFideId "2034255"]
[BlackFideId "5300398"]
[WhiteElo "2873"]
[BlackElo "2490"]
[Result "1-0"]
[Round "3"]
[TimeControl "180+1"]
[Date "2023.08.15"]
[WhiteClock "0:01:03"]
[BlackClock "0:00:14"]
[Board "59"]

1. e4 c5 2. Nf3 e6 3. d4 cxd4 4. Nxd4 a6 5. c4 Qc7 6. Nc3 Nc6 7. Be2 Nxd4 8. Qxd4 Ne7 9. Be3 Nc6 10. Qd2 Be7 11. O-O O-O 12. Na4 Ne5 13. Nb6 Rb8 14. f4 Ng6 15. b4 a5 16. bxa5 Bc5 17. Bxc5 Qxc5+ 18. Kh1 d6 19. Rab1 e5 20. Rb5 Qc6 21. f5 Nf4 22. Bf3 g6 23. g3 Nh3 24. Bg2 gxf5 25. exf5 e4 26. Bxh3 e3+ 27. Qd5 Re8 28. Re1 1-0


[Site "https://www.chess.com"]

[Event "Titled Tuesday Blitz August 15 Late 2023"]
[White "Salinas Herrera, Pablo"]
[Black "Kirillov, Dmitry"]
[WhiteFideId "3407128"]
[BlackFideId "34180572"]
[WhiteElo "2824"]
[BlackElo "2487"]
[Result "1-0"]
[Round "3"]
[TimeControl "180+1"]
[Date "2023.08.15"]
[WhiteClock "0:01:12"]
[BlackClock "0:00:01"]
[Board "60"]

1. d4 Nf6 2. Nf3 e6 3. Bf4 b6 4. e3 Bb7 5. Nbd2 g6 6. h3 Bg7 7. Be2 O-O 8. O-O d6 9. c4 Nbd7 10. b4 Qe7 11. Bh2 Rfd8 12. Qb3 a5 13. a3 e5 14. Rfc1 Ne4 15. Nxe4 Bxe4 16. d5 Bxf3 17. gxf3 e4 18. Rab1 Qh4 19. fxe4 Qxh3 20. Qd1 Ne5 21. c5 axb4 22. axb4 Ra2 23. cxb6 cxb6 24. Bg3 h5 25. Bf1 Qd7 26. b5 Bf6 27. Rc6 h4 28. Bf4 g5 29. Bxe5 Bxe5 30. Qh5 Qe7 31. Bh3 Kg7 32. Rbc1 Rh8 33. Qf3 Ra7 34. Rxb6 Rh6 35. Rbc6 Rg6 36. Bg4 Rf6 37. Bf5 h3 38. Qxh3 Rh6 39. Qg4 Bh2+ 40. Kg2 Be5 41. Rh1 Rxh1 42. Kxh1 Ra1+ 43. Kg2 Qf6 44. Qh5 Qd8 45. b6 Bf6 46. Rc7 Qe8 47. Qg6+ Kh8 48. Qh7# 1-0


[Site "https://www.chess.com"]

[Event "Titled Tuesday Blitz August 15 Late 2023"]
[White "Kuzmicz, Krystian"]
[Black "Itkis, Boris"]
[WhiteFideId "1119125"]
[BlackFideId "1209167"]
[WhiteElo "2792"]
[BlackElo "2486"]
[Result "1-0"]
[Round "3"]
[TimeControl "180+1"]
[Date "2023.08.15"]
[WhiteClock "0:00:04"]
[BlackClock "0:00:00"]
[Board "61"]

1. e4 e6 2. b3 d5 3. Bb2 dxe4 4. Nc3 Nf6 5. Qe2 Nc6 6. O-O-O Nd4 7. Qe1 Be7 8. d3 exd3 9. Bxd3 c5 10. Nf3 Nxf3 11. gxf3 Qa5 12. Rg1 O-O 13. Rxg7+ Kxg7 14. Qg1+ Kh8 15. Ne4 e5 16. Bxe5 Qb6 17. Qg5 Rg8 18. Qh4 Rg6 19. Ng5 Kg8 20. Bxg6 hxg6 21. Rd6 Qxd6 22. Bxd6 Bxd6 23. Qc4 Be6 24. Nxe6 Re8 25. Ng5 Re7 26. Ne4 Nxe4 27. fxe4 Kg7 28. h3 b6 29. f3 Be5 30. c3 Rd7 31. Kc2 Bf4 32. b4 Rd2+ 33. Kb3 cxb4 34. Qxb4 Rf2 35. Qa4 Rxf3 36. Qxa7 Be5 37. Qxb6 Rxc3+ 38. Kb4 Rxh3 39. a4 Rh4 40. Qc6 Rh3 41. a5 Bc3+ 42. Ka4 Bxa5 43. Kxa5 g5 44. Qd5 Kg6 45. Qf5+ Kg7 46. Qxh3 1-0


[Site "https://www.chess.com"]

[Event "Titled Tuesday Blitz August 15 Late 2023"]
[White "Merino Garcia, Rafael II"]
[Black "Riehle, Marco"]
[WhiteFideId "2209128"]
[BlackFideId "12904392"]
[WhiteElo "2483"]
[BlackElo "2790"]
[Result "0-1"]
[Round "3"]
[TimeControl "180+1"]
[Date "2023.08.15"]
[WhiteClock "0:00:16"]
[BlackClock "0:01:50"]
[Board "62"]

1. d4 d5 2. Nf3 e6 3. g3 c5 4. c4 dxc4 5. Bg2 Nc6 6. Qa4 cxd4 7. Nxd4 Qxd4 8. Bxc6+ Bd7 9. Bxd7+ Qxd7 10. Qxc4 Rc8 11. Qf4 Bd6 12. Qd2 Nf6 13. O-O O-O 14. Nc3 Rfd8 15. Rd1 Qc6 16. Qg5 Bc5 17. Be3 Bxe3 18. Qxe3 a6 19. Rac1 h6 20. h3 b5 21. Nd5 Rxd5 22. Rxc6 Rxd1+ 23. Kg2 Rxc6 24. Qa7 Rdc1 25. Qa8+ Kh7 26. Qd8 R1c2 27. b4 Nd5 28. a3 Rxe2 29. Qd7 Rcc2 0-1


[Site "https://www.chess.com"]

[Event "Titled Tuesday Blitz August 15 Late 2023"]
[White "Troff, Kayden"]
[Black "Bochnicka, Vladimir"]
[WhiteFideId "2047896"]
[BlackFideId "14943450"]
[WhiteElo "2773"]
[BlackElo "2481"]
[Result "1-0"]
[Round "3"]
[TimeControl "180+1"]
[Date "2023.08.15"]
[WhiteClock "0:00:28"]
[BlackClock "0:00:00"]
[Board "63"]

1. d4 Nf6 2. Nf3 d5 3. Bf4 e6 4. e3 c5 5. Nc3 a6 6. Ne5 Nc6 7. Nxc6 bxc6 8. Be2 Bd6 9. dxc5 Bxc5 10. O-O O-O 11. Bf3 Bd6 12. Bg3 e5 13. e4 d4 14. Na4 Be6 15. b3 Nd7 16. c3 c5 17. Rc1 Rc8 18. Qe2 Qa5 19. Bg4 Bxg4 20. Qxg4 Nf6 21. Qf5 d3 22. Bh4 Be7 23. Qxe5 Rfe8 24. Qf5 g6 25. Qf3 Qd8 26. Rcd1 c4 27. bxc4 Rxc4 28. Rxd3 Qa5 29. Nb2 Rc6 30. e5 Qb6 31. exf6 Bxf6 32. Na4 1-0


[Site "https://www.chess.com"]

[Event "Titled Tuesday Blitz August 15 Late 2023"]
[White "Kim, Yoon-Young"]
[Black "MFatigue"]
[WhiteFideId "30908779"]
[WhiteElo "2743"]
[BlackElo "2479"]
[Result "0-1"]
[Round "3"]
[TimeControl "180+1"]
[Date "2023.08.15"]
[WhiteClock "0:00:00"]
[BlackClock "0:00:13"]
[Board "64"]

1. d4 d5 2. Nf3 Nf6 3. c4 c6 4. Nc3 dxc4 5. a4 Bf5 6. e3 e6 7. Bxc4 Bb4 8. O-O O-O 9. Qe2 Bg4 10. Rd1 Nbd7 11. h3 Bh5 12. g4 Bg6 13. Ne5 Nd5 14. Nxg6 hxg6 15. Bd2 Bxc3 16. bxc3 Qh4 17. Kg2 e5 18. e4 N5b6 19. Bb3 a5 20. dxe5 Nc5 21. Bc2 Qe7 22. f4 g5 23. Rdb1 Nbd7 24. fxg5 Nxe5 25. Be3 Ne6 26. h4 Rfd8 27. Rd1 Rxd1 28. Rxd1 Rd8 29. Bb3 Rxd1 30. Qxd1 Nc5 31. Bc2 Nc4 32. Bd4 Nxe4 33. Qd3 Ncd6 34. Bb3 Qd7 35. Kh3 c5 36. Be5 Nf2+ 0-1


[Site "https://www.chess.com"]

[Event "Titled Tuesday Blitz August 15 Late 2023"]
[White "Escalante Ramirez, Brian Sebasti"]
[Black "NigelDwarf"]
[WhiteFideId "3819566"]
[WhiteElo "2714"]
[BlackElo "2479"]
[Result "1/2-1/2"]
[Round "3"]
[TimeControl "180+1"]
[Date "2023.08.15"]
[WhiteClock "0:00:15"]
[BlackClock "0:00:51"]
[Board "65"]

1. e4 c5 2. Nc3 a6 3. g3 b5 4. Bg2 Bb7 5. Nh3 h5 6. O-O h4 7. g4 e6 8. f4 b4 9. Ne2 Nf6 10. Nf2 h3 11. Bf3 d5 12. e5 Nfd7 13. d4 cxd4 14. Nxd4 Nc6 15. Be3 Bc5 16. c3 Qb6 17. a3 a5 18. axb4 axb4 19. Rxa8+ Bxa8 20. Kh1 g5 21. Qa4 O-O 22. Nxh3 gxf4 23. Nxf4 Nxd4 24. cxd4 Bxd4 25. Qxd7 Bxe3 26. Nh5 Qd4 27. Nf6+ Kg7 28. Nh5+ Kg8 29. Nf6+ Kg7 30. Nh5+ Kg8 1/2-1/2


[Site "https://www.chess.com"]

[Event "Titled Tuesday Blitz August 15 Late 2023"]
[White "Dinu, Dumitru-Daniel"]
[Black "Timmermans, Mark"]
[WhiteFideId "1208403"]
[BlackFideId "1026399"]
[WhiteElo "2478"]
[BlackElo "2704"]
[Result "1/2-1/2"]
[Round "3"]
[TimeControl "180+1"]
[Date "2023.08.15"]
[WhiteClock "0:00:04"]
[BlackClock "0:00:12"]
[Board "66"]

1. e4 e5 2. Nf3 Nc6 3. d4 exd4 4. Nxd4 Nf6 5. Nc3 Bb4 6. Nxc6 bxc6 7. Bd3 d5 8. exd5 O-O 9. O-O cxd5 10. Bg5 c6 11. Qf3 Be7 12. h3 Rb8 13. b3 Re8 14. Na4 h6 15. Bf4 Rb4 16. a3 Rb7 17. Rfe1 Be6 18. Ba6 Rd7 19. b4 Bf5 20. Bd3 Be4 21. Qd1 Bf8 22. f3 Bxd3 23. Qxd3 Rde7 24. Rxe7 Qxe7 25. Bd2 Qd6 26. Re1 Rxe1+ 27. Bxe1 Nd7 28. Bf2 Ne5 29. Qe2 Nc4 30. Bxa7 Nxa3 31. Bc5 Qe6 32. Qxe6 fxe6 33. Bxf8 Kxf8 34. c3 Ke7 35. Kf2 Kd6 36. Ke3 e5 37. Nc5 d4+ 38. cxd4 Nc2+ 39. Ke4 Nxd4 40. Nd3 Nc2 41. g4 g5 42. Nxe5 Nxb4 43. Nf7+ Ke6 44. Nxh6 Nd5 45. Nf5 c5 46. Ng7+ Kd6 47. Ne8+ Kc6 48. Ng7 c4 49. Kd4 c3 50. Kd3 Kd6 51. Nf5+ Ke5 52. Nd4 Kf4 53. Ne6+ Kxf3 54. Nxg5+ Kg3 55. Ne4+ Kxh3 56. g5 Kg4 57. Nf6+ Kxg5 58. Nxd5 c2 59. Kxc2 1/2-1/2


[Site "https://www.chess.com"]

[Event "Titled Tuesday Blitz August 15 Late 2023"]
[White "Alex_Sahakyan2006"]
[Black "Jovic, Stanoje"]
[BlackFideId "905020"]
[WhiteElo "2697"]
[BlackElo "2477"]
[Result "0-1"]
[Round "3"]
[TimeControl "180+1"]
[Date "2023.08.15"]
[WhiteClock "0:01:12"]
[BlackClock "0:01:45"]
[Board "67"]

1. e4 c6 2. d4 d5 3. exd5 cxd5 4. Bd3 Nc6 5. c3 e5 6. dxe5 Nxe5 7. Nf3 Nxd3+ 8. Qxd3 Nf6 9. O-O Be7 10. Be3 O-O 11. Nbd2 Bg4 12. h3 Bh5 13. Nd4 Bg6 14. Qb5 a6 15. Qb3 Qd7 16. N2f3 Bd6 17. Rfe1 Rfe8 18. a4 h6 19. Kh1 Re7 20. Red1 Rae8 21. Kg1 Bb8 22. a5 Bh5 23. Re1 Ne4 24. Qa4 Qc7 25. Qb3 Ng5 26. Bxg5 Rxe1+ 27. Rxe1 Rxe1+ 28. Nxe1 Qh2+ 29. Kf1 Qh1# 0-1


[Site "https://www.chess.com"]

[Event "Titled Tuesday Blitz August 15 Late 2023"]
[White "Korchmar, Vasiliy"]
[Black "Yeritsyan, Hayk"]
[WhiteFideId "24131750"]
[BlackFideId "13307320"]
[WhiteElo "2694"]
[BlackElo "2475"]
[Result "1-0"]
[Round "3"]
[TimeControl "180+1"]
[Date "2023.08.15"]
[WhiteClock "0:00:12"]
[BlackClock "0:00:03"]
[Board "68"]

1. e4 c6 2. d4 d5 3. exd5 cxd5 4. Bd3 Nf6 5. h3 Bd7 6. Nf3 Qc8 7. O-O Bf5 8. Bb5+ Bd7 9. a4 a6 10. Be2 Bf5 11. Na3 e6 12. c3 h6 13. Bf4 Be7 14. Nc2 O-O 15. Ne3 Bh7 16. Bd3 Bxd3 17. Qxd3 Nc6 18. Ng4 Nxg4 19. hxg4 Qd8 20. g3 Bd6 21. Kg2 Bxf4 22. gxf4 g6 23. Rh1 Kg7 24. Qe3 Rh8 25. Rh3 Qf6 26. Rah1 Na5 27. Rxh6 Rxh6 28. Rxh6 Nc4 29. Qc1 Rh8 30. Rxh8 Kxh8 31. Ne5 Nd6 32. a5 Kg7 33. b3 Qd8 34. b4 Qc7 35. Qe3 Ne4 36. c4 f6 37. cxd5 exd5 38. Nd3 Qc3 39. Nc5 Qxb4 40. Nxe4 dxe4 41. Qxe4 Qxa5 42. Qxb7+ Kg8 43. d5 Qb5 44. Qc8+ Kf7 45. Qe6+ Kg7 46. d6 Qc6+ 47. Kg3 Qc3+ 48. Kg2 Qc6+ 49. Kg3 Qc3+ 50. f3 Qc1 51. Qe7+ Kg8 52. Qe8+ Kg7 53. Qe7+ Kg8 54. Qd8+ Kg7 55. Qc7+ Qxc7 56. dxc7 a5 57. c8=Q a4 58. Qa6 a3 59. Qxa3 Kh6 60. Qf8+ Kh7 61. Qxf6 Kh6 62. Qh8# 1-0


[Site "https://www.chess.com"]

[Event "Titled Tuesday Blitz August 15 Late 2023"]
[White "Fiorito, Joaquin"]
[Black "Avila Rodriguez, Joshua Ad"]
[WhiteFideId "180173"]
[BlackFideId "5126444"]
[WhiteElo "2685"]
[BlackElo "2466"]
[Result "0-1"]
[Round "3"]
[TimeControl "180+1"]
[Date "2023.08.15"]
[WhiteClock "0:01:35"]
[BlackClock "0:00:12"]
[Board "69"]

1. d4 Nf6 2. c4 e6 3. Nc3 Bb4 4. f3 c5 5. d5 b5 6. e4 d6 7. Ne2 O-O 8. Ng3 bxc4 9. Bxc4 exd5 10. Bxd5 Nxd5 11. Qxd5 Qb6 12. O-O Bb7 13. Qg5 h6 14. Qg4 Bc8 15. Nf5 Bxf5 16. exf5 Bxc3 17. bxc3 d5 18. Kh1 Nd7 19. Rd1 Qc6 20. Bf4 Nf6 21. Qh4 Rfd8 22. Re1 Re8 23. Be5 Nd7 24. Bf4 Qf6 25. Qg4 d4 26. cxd4 cxd4 27. Rad1 Rxe1+ 28. Rxe1 Rd8 29. Bg3 d3 30. Bh4 Ne5 31. Bxf6 Nxg4 32. Bxd8 d2 33. Rf1 d1=Q 34. Rxd1 Nf2+ 35. Kg1 Nxd1 36. f6 g5 37. Be7 Nc3 38. a3 Nd5 39. Kf2 Kh7 40. Ke2 Kg6 41. Bd8 Nxf6 42. Bxf6 Kxf6 43. Kd3 Ke5 44. Kc4 Kf4 45. Kb5 Ke3 46. Ka6 Kf2 47. Kxa7 Kxg2 48. Kb7 f5 49. a4 g4 50. fxg4 f4 51. a5 f3 52. a6 f2 53. a7 f1=Q 54. a8=Q Qf3+ 55. Ka7 Qxa8+ 56. Kxa8 Kxh2 57. Kb7 Kg3 58. Kc6 Kxg4 59. Kd5 h5 60. Ke4 h4 61. Ke3 Kg3 62. Ke2 Kg2 63. Ke3 h3 64. Kf4 h2 0-1


[Site "https://www.chess.com"]

[Event "Titled Tuesday Blitz August 15 Late 2023"]
[White "brm72"]
[Black "Hoang, Thi Bao Tram"]
[BlackFideId "12401102"]
[WhiteElo "2466"]
[BlackElo "2669"]
[Result "0-1"]
[Round "3"]
[TimeControl "180+1"]
[Date "2023.08.15"]
[WhiteClock "0:00:20"]
[BlackClock "0:01:37"]
[Board "70"]

1. e4 c6 2. Nc3 d5 3. Nf3 Bg4 4. h3 Bxf3 5. Qxf3 e6 6. b3 Nf6 7. Bb2 Be7 8. g4 d4 9. Ne2 c5 10. O-O-O Nc6 11. Kb1 a5 12. g5 Nd7 13. h4 a4 14. Nc1 Qa5 15. Qg3 axb3 16. axb3 b5 17. f4 Bd6 18. Bg2 e5 19. f5 c4 20. f6 Ba3 21. fxg7 Rg8 22. c3 Bxb2 23. Kxb2 Qa3+ 24. Kc2 d3+ 25. Nxd3 Qxb3+ 26. Kc1 Ra1# 0-1


[Site "https://www.chess.com"]

[Event "Titled Tuesday Blitz August 15 Late 2023"]
[White "Ozdemir, Serhan Berat"]
[Black "Villiers, Thomas"]
[WhiteFideId "6374611"]
[BlackFideId "427209"]
[WhiteElo "2658"]
[BlackElo "2466"]
[Result "1-0"]
[Round "3"]
[TimeControl "180+1"]
[Date "2023.08.15"]
[WhiteClock "0:01:40"]
[BlackClock "0:00:27"]
[Board "71"]

1. e4 c6 2. d4 d5 3. exd5 cxd5 4. c4 e6 5. Nc3 Nf6 6. Nf3 Be7 7. Bd3 dxc4 8. Bxc4 a6 9. Ne5 b5 10. Qf3 Ra7 11. Bb3 Bb7 12. Qg3 O-O 13. O-O Nbd7 14. Be3 Ra8 15. Rad1 Nb6 16. Bh6 Nh5 17. Qg4 Kh8 18. Qxh5 gxh6 19. Nxf7+ Rxf7 20. Qxf7 Qg8 21. Qxg8+ Rxg8 22. f3 Nd5 23. Nxd5 exd5 24. Rfe1 Bg5 25. Re5 Rd8 26. Rde1 Rd7 27. g3 Kg7 28. Re6 Bf6 29. Rd1 Kf7 30. Rb6 Kg7 31. Kf2 Bd8 32. Re6 Bf6 33. h4 h5 34. Ke3 Kf7 35. Rb6 Re7+ 36. Kd3 Kg7 37. Rd6 Bc8 38. Bxd5 a5 39. Be4 b4 40. Rc1 a4 41. Rxc8 a3 42. bxa3 bxa3 43. Rdd8 Rxe4 44. fxe4 Kh6 45. e5 Be7 46. Rd7 Bb4 47. Rc6+ Bd6 48. Rcxd6# 1-0


[Site "https://www.chess.com"]

[Event "Titled Tuesday Blitz August 15 Late 2023"]
[White "Baches Garcia, Guillermo"]
[Black "Goltsev, Dmitry"]
[WhiteFideId "2209764"]
[BlackFideId "24176710"]
[WhiteElo "2462"]
[BlackElo "2648"]
[Result "1/2-1/2"]
[Round "3"]
[TimeControl "180+1"]
[Date "2023.08.15"]
[WhiteClock "0:00:07"]
[BlackClock "0:00:05"]
[Board "72"]

1. e4 e5 2. Nf3 Nf6 3. Nc3 Nc6 4. d4 d6 5. h3 Be7 6. g4 h5 7. g5 Nh7 8. h4 Bg4 9. dxe5 dxe5 10. Be2 Qxd1+ 11. Bxd1 Nb4 12. Nxe5 Bxd1 13. Kxd1 Rd8+ 14. Nd3 Nxd3 15. cxd3 Rxd3+ 16. Ke2 Rd7 17. Be3 Nf8 18. Rhd1 Ng6 19. Rxd7 Kxd7 20. Rd1+ Kc8 21. Rh1 Bd6 22. Nd5 c6 23. Nc3 Kc7 24. Bxa7 b6 25. Na4 Ra8 26. Bxb6+ Kb7 27. Bc5 Rxa4 28. Bxd6 Rxe4+ 29. Kf3 Rd4 30. Bg3 Kb6 31. Re1 Nxh4+ 32. Bxh4 Rxh4 33. Re7 Rg4 34. Rxf7 Rxg5 35. Rf8 g6 36. Kf4 Rg4+ 37. Kf3 Rg5 38. Kf4 Rd5 39. Rf6 g5+ 40. Ke3 Re5+ 41. Kd3 h4 42. Rh6 Rd5+ 43. Ke3 Re5+ 44. Kd3 Kc5 45. b4+ Kb5 46. a4+ Kxb4 47. Rxc6 Kxa4 48. Kd4 Rf5 49. Ke3 Kb5 50. Rg6 Kc5 51. Ke4 Rf4+ 52. Ke3 Rg4 53. Kf3 Rg1 54. Re6 Kd5 55. Rh6 h3 56. Rh7 g4+ 57. Kf4 Rg2 58. Rh4 Kd4 59. Rh7 Kd3 60. f3 h2 61. fxg4 Ke2 62. g5 Kf2 63. Kf5 Kg3 64. g6 Rf2+ 65. Ke6 Re2+ 66. Kf7 Rf2+ 67. Ke7 Ra2 68. Rxh2 Kxh2 69. g7 Ra7+ 70. Kf8 Ra8+ 71. Kf7 Kg3 72. g8=Q+ Rxg8 73. Kxg8 1/2-1/2


[Site "https://www.chess.com"]

[Event "Titled Tuesday Blitz August 15 Late 2023"]
[White "Valenzuela Gomez, Fernando"]
[Black "Jakic, Ivan"]
[WhiteFideId "3409392"]
[BlackFideId "14504901"]
[WhiteElo "2638"]
[BlackElo "2457"]
[Result "1-0"]
[Round "3"]
[TimeControl "180+1"]
[Date "2023.08.15"]
[WhiteClock "0:00:34"]
[BlackClock "0:01:15"]
[Board "73"]

1. Nf3 Nf6 2. c4 Nc6 3. d4 e6 4. a3 d6 5. Nc3 g6 6. g3 Bg7 7. Bg2 O-O 8. O-O Re8 9. h3 Bd7 10. Bg5 h6 11. Be3 a6 12. Qd2 Kh7 13. b4 e5 14. Rad1 e4 15. Ne1 h5 16. Kh2 Bf5 17. Bg5 Qd7 18. Nc2 Kg8 19. Ne3 Nh7 20. Nxf5 Qxf5 21. Be3 Qd7 22. Nxe4 f5 23. Nc3 Nf6 24. f3 h4 25. g4 Nh7 26. Bf2 g5 27. e4 f4 28. Rfe1 Re7 29. Nd5 Rf7 30. Bf1 Re8 31. c5 Nd8 32. Bc4 Kh8 33. Nc3 Rff8 34. Bb3 Nf7 35. e5 dxe5 36. d5 e4 37. Nxe4 Ne5 38. Qe2 Nf6 39. Kg2 Nxe4 40. Qxe4 Nxg4 41. hxg4 Rxe4 42. Rxe4 Re8 43. Rde1 Rxe4 44. Rxe4 h3+ 45. Kxh3 Qb5 46. Kg2 Qd3 47. Bc4 Qd2 48. d6 cxd6 49. Re8+ Kh7 50. Bg8+ Kg6 51. Re6+ Bf6 52. Rxd6 Qb2 53. Bd5 Kg7 54. Bxb7 a5 55. Rd7+ Kf8 56. c6 Ke8 57. c7 Kxd7 58. c8=Q+ Ke7 59. Qc5+ 1-0


[Site "https://www.chess.com"]

[Event "Titled Tuesday Blitz August 15 Late 2023"]
[White "Gurevich, Dmitry"]
[Black "Nasir, Zehn"]
[WhiteFideId "2000407"]
[BlackFideId "2613239"]
[WhiteElo "2453"]
[BlackElo "2621"]
[Result "1/2-1/2"]
[Round "3"]
[TimeControl "180+1"]
[Date "2023.08.15"]
[WhiteClock "0:00:05"]
[BlackClock "0:00:10"]
[Board "74"]

1. d4 Nf6 2. c4 c5 3. Nf3 cxd4 4. Nxd4 e5 5. Nb5 d5 6. cxd5 Bc5 7. N5c3 e4 8. Nxe4 Qa5+ 9. Bd2 Nxe4 10. e3 Nxd2 11. Nxd2 O-O 12. a3 Bd6 13. Bc4 b5 14. Ba2 Bb7 15. O-O Nd7 16. Ne4 Be5 17. Qe2 Rfe8 18. f4 Bxb2 19. Nd6 Bxa1 20. Rxa1 Qb6 21. Nxe8 Rxe8 22. Re1 Nf6 23. Qf3 Qc5 24. Kh1 Bxd5 25. Bxd5 Qxd5 26. Qe2 Ne4 27. Kg1 h6 28. Rd1 Qc4 29. Qf3 Nf6 30. h3 Qe4 31. Qxe4 Rxe4 32. Kf2 Ra4 33. Rd3 Ne4+ 34. Kf3 f5 35. Rd5 Rxa3 36. Rxb5 g6 37. g4 Ra2 38. gxf5 gxf5 39. Rxf5 Nd2+ 40. Kg4 Kg7 41. Rd5 a5 42. Rd7+ Kg6 43. Rd6+ Kg7 44. Rd7+ Kf6 45. Rd6+ Kf7 46. Rxh6 a4 47. Ra6 a3 48. h4 Nc4 49. e4 Rg2+ 50. Kf5 Ne3+ 51. Ke5 a2 52. f5 Nd1 53. Ra7+ Kg8 54. Kf6 Nc3 55. Ra8+ Kh7 56. Ra7+ Kh6 57. Ra8 Nxe4+ 58. Ke5 Nc3 59. f6 Rg1 60. f7 Re1+ 61. Kd4 Rf1 62. Kxc3 Rxf7 63. Rxa2 Rf3+ 64. Kb4 Rf4+ 65. Kb5 Rxh4 66. Ra6+ Kg5 67. Rd6 Kf5 68. Rd8 Ke6 69. Rd1 Rh2 70. Kb6 Rc2 71. Ka5 Rb2 72. Ka4 Ke5 73. Ka3 Rb8 74. Ka2 Ke4 75. Rd7 Ke3 76. Ka3 Rb6 77. Ka4 Rb1 78. Ka5 Ke4 79. Ka6 Rb2 80. Rd8 Ke5 81. Ka5 Ke6 82. Ka4 Ke7 83. Rd1 Rb7 84. Ka3 Ke6 85. Ka4 Ra7+ 86. Kb5 Rb7+ 87. Ka6 Rb2 88. Ka5 Ke5 89. Ka4 Ke4 90. Ka3 Rb8 91. Rd7 Rb6 92. Ka4 Ke5 93. Ka5 Rb1 94. Rd2 Ke6 95. Ka4 Rb7 96. Ka5 Ke5 97. Ka4 Ke4 98. Ka5 Ke3 99. Rd8 Re7 100. Ka6 Re6+ 101. Ka5 Re5+ 102. Ka4 Re4+ 103. Ka3 Rd4 104. Re8+ Kd3 105. Rb8 Rd7 106. Rc8 Rb7 107. Ka4 Kd4 108. Ka5 Kd5 109. Ka6 Rb1 110. Rc2 Kd6 111. Ka5 Rb8 112. Ka4 Ra8+ 113. Kb3 Kd5 114. Kb4 Rb8+ 115. Ka5 Kd6 1/2-1/2


[Site "https://www.chess.com"]

[Event "Titled Tuesday Blitz August 15 Late 2023"]
[White "Mendez Fortes, Eduardo Jesus"]
[Black "Tsyhanchuk, Stanislav"]
[WhiteFideId "3502376"]
[BlackFideId "13505130"]
[WhiteElo "2618"]
[BlackElo "2447"]
[Result "0-1"]
[Round "3"]
[TimeControl "180+1"]
[Date "2023.08.15"]
[WhiteClock "0:00:09"]
[BlackClock "0:00:06"]
[Board "75"]

1. e4 c5 2. Nf3 d6 3. d4 cxd4 4. Nxd4 Nf6 5. Nc3 a6 6. Bg5 e6 7. f4 Qb6 8. Qd3 Nc6 9. Nb3 Be7 10. O-O-O h6 11. Bh4 O-O 12. g3 Qc7 13. Be2 b5 14. Bf3 Bb7 15. Kb1 Rfd8 16. Qe3 b4 17. Na4 Na5 18. Nb6 Nc4 19. Nxa8 Bxa8 20. Qd3 a5 21. Nd2 Nxd2+ 22. Rxd2 a4 23. Rhd1 a3 24. e5 Nd5 25. Bxe7 Qxe7 26. Bxd5 Bxd5 27. exd6 Rxd6 28. c4 bxc3 29. Qxc3 axb2 30. Kxb2 Qa7 31. a3 Kh7 32. Ka1 g6 33. Rd3 Rc6 34. Qf6 Rc2 35. Kb1 Qc7 36. Qd4 Rc4 37. Qb2 Rc6 38. Ka1 Rb6 39. Qe5 Qb7 40. Qc3 Rb3 41. Qc2 Rb6 42. Rc3 Ra6 43. Rc7 Rxa3+ 44. Qa2 Rxa2# 0-1


[Site "https://www.chess.com"]

[Event "Titled Tuesday Blitz August 15 Late 2023"]
[White "ExchangeAB"]
[Black "Sydoryka, Vladyslav"]
[BlackFideId "14145928"]
[WhiteElo "2446"]
[BlackElo "2614"]
[Result "0-1"]
[Round "3"]
[TimeControl "180+1"]
[Date "2023.08.15"]
[WhiteClock "0:00:02"]
[BlackClock "0:00:14"]
[Board "76"]

1. d4 Nf6 2. Nc3 d5 3. Bf4 c5 4. e3 cxd4 5. exd4 a6 6. Nf3 Bg4 7. h3 Bxf3 8. Qxf3 Nc6 9. O-O-O e6 10. g4 Bd6 11. Bg2 Bxf4+ 12. Qxf4 Rc8 13. Rhe1 O-O 14. g5 Nh5 15. Qh4 g6 16. Kb1 Ng7 17. Qf4 Nh5 18. Qe3 Qd6 19. Ne2 Ne7 20. c3 Nf5 21. Qd2 Qh2 22. Rg1 Nh4 23. Bh1 Qxh3 24. f4 Nf3 25. Bxf3 Qxf3 26. Rdf1 Qe4+ 27. Ka1 b5 28. Ng3 Nxg3 29. Rxg3 Qf5 30. Qh2 f6 31. Rh1 Rc7 32. Re3 fxg5 33. fxg5 Rcf7 34. a3 Qxg5 35. Rxe6 Rf1+ 36. Rxf1 Rxf1+ 37. Ka2 Qd8 38. Qe5 Qh4 39. Re8+ Rf8 40. Qe6+ Kg7 41. Re7+ Kh6 42. Rd7 Rf5 43. Rxd5 Rf2 44. Qe3+ Qf4 45. Qh3+ Kg7 46. Rd7+ Kf6 47. Qxh7 Qd2 48. Rf7+ Kg5 49. Rxf2 Qxf2 50. Qe7+ Qf6 51. Qe3+ Qf4 52. Qg1+ Qg4 53. Qf1 Qe6+ 54. Ka1 Qf5 55. Qg2+ Kf6 56. d5 g5 57. d6 Ke6 58. Qc6 Qf1+ 59. Ka2 Qc4+ 60. Qxc4+ bxc4 61. d7 Kxd7 0-1


[Site "https://www.chess.com"]

[Event "Titled Tuesday Blitz August 15 Late 2023"]
[White "Caspi, Israel"]
[Black "djathtaspogradec"]
[WhiteFideId "2807394"]
[WhiteElo "2610"]
[BlackElo "2442"]
[Result "0-1"]
[Round "3"]
[TimeControl "180+1"]
[Date "2023.08.15"]
[WhiteClock "0:00:03"]
[BlackClock "0:00:05"]
[Board "77"]

1. e4 e5 2. Nf3 Nc6 3. Bb5 a6 4. Ba4 Nf6 5. O-O Be7 6. Re1 b5 7. Bb3 O-O 8. c3 d5 9. exd5 Nxd5 10. Nxe5 Nxe5 11. Rxe5 c6 12. d3 Bd6 13. Re1 Bf5 14. Qf3 Re8 15. Rxe8+ Qxe8 16. Nd2 Qe1+ 17. Nf1 Bg6 18. Bd1 Re8 19. h4 h5 20. Bd2 Qe5 21. Bc2 Nf4 22. d4 Ne2+ 23. Kh1 Qe7 24. Bxg6 Qxh4+ 25. Qh3 Qxh3+ 26. gxh3 fxg6 27. Re1 Kf7 28. h4 Nf4 29. Rxe8 Kxe8 30. Bxf4 Bxf4 31. Ne3 Ke7 32. Kg2 Ke6 33. Kf3 Bd6 34. b3 Be7 35. Ng2 g5 36. hxg5 Bxg5 37. Ne3 Bf6 38. Ng2 g5 39. Ne3 b4 40. d5+ cxd5 41. cxb4 Be7 42. a3 Ke5 43. Nc2 d4 44. Ne1 h4 45. Nd3+ Kf5 46. a4 g4+ 47. Kg2 h3+ 48. Kg3 Bd6+ 49. f4 Ke4 50. Nf2+ Kf5 51. Nxg4 Bxf4+ 52. Kf3 h2 53. Nf2 d3 54. b5 axb5 55. axb5 d2 56. Ke2 Ke6 57. b6 Kd7 58. Kf3 Kc6 59. Kxf4 d1=Q 60. Nxd1 h1=Q 61. Ne3 Kxb6 62. Nc4+ Kb5 63. Nd2 Kb4 64. Ke3 Qh3+ 65. Kd4 Qh8+ 66. Kd3 Qd8+ 67. Kc2 Qe8 68. Nc4 Qf8 69. Nb2 Qg8 70. Nd3+ Ka3 71. b4 Qc4+ 72. Kd2 Kb3 73. Ke3 Qe6+ 74. Kd4 Ka3 75. Kc5 Qc8+ 76. Kd5 Qd8+ 77. Kc4 Ka4 78. Nc5+ Ka3 79. b5 Qc8 80. b6 Qc6 81. b7 Qc7 82. Kb5 Kb2 83. Ka6 Kc3 84. Na4+ Kb4 85. Nb6 Qb8 86. Nd7 Qd6+ 87. Ka7 Qxd7 88. Ka8 Qd5 89. Ka7 Qa5+ 90. Kb8 Kc5 91. Kc8 Qa6 92. Kc7 Qd6+ 93. Kc8 Qc6+ 94. Kb8 Kb6 95. Ka8 Qxb7# 0-1


[Site "https://www.chess.com"]